 Dungeon Crawl Stone Soup version 0.28.0-43-g3370ac3207 (webtiles) character file.

Game seed: 13956895909712944858

46 Faeu the Covered (level 3, -6/33 HPs)
             Began as a Minotaur Fighter on Mar 28, 2022.
             Mangled by a gnoll
             ... wielding a +0 spear
              (8 damage)
             ... on level 3 of the Dungeon.
             The game lasted 00:04:08 (1233 turns).

Faeu the Covered (Minotaur Fighter)                 Turns: 1233, Time: 00:04:09

Health: -6/33      AC:  8    Str: 22    XL:     3   Next: 46%
Magic:  2/2        EV:  9    Int:  5    God:
Gold:   129        SH:  4    Dex:  9    Spells: 2/2 levels left

rFire   . . .      SeeInvis .   a - +0 long sword {long}
rCold   . . .      Faith    .   c - +0 buckler
rNeg    . . .      Spirit   .   b - +0 scale mail
rPois   .          Reflect  .   (helmet restricted)
rElec   .          Harm     .   (no cloak)
rCorr   .          Rampage  .   k - +0 pair of gloves
Will    .....                   (no boots)
Stlth   ..........              (no amulet)
HPRegen 0.11/turn               (no ring)
MPRegen 0.08/turn               (no ring)

@: mighty
A: horns 2, retaliatory headbutt
a: no special abilities


You were on level 3 of the Dungeon.
You visited 1 branch of the dungeon, and saw 3 of its levels.

You collected 129 gold pieces.


Innate Abilities, Weirdness & Mutations

You have a pair of horns on your head.
You reflexively headbutt those who attack you in melee.


   Skills:
 + Level 4.1 Fighting
 + Level 3.1 Long Blades
 + Level 4.2 Armour
 + Level 4.1 Shields


You had 2 spell levels left.
You didn't know any spells.
Your spell library contained the following spells:

 Spells                   Type           Power      Damage    Failure   Level
 Corpse Rot               Necr/Air       0%         N/A       95%         2
 Dispel Undead            Necr           0%         3d6       100%        4
 Death Channel            Necr           0%         N/A       100%        6

Inventory:

Hand Weapons
 a - a +0 long sword (weapon) {long}
Armour
 b - a +0 scale mail (worn)
 c - a +0 buckler (worn)
 k - a +0 pair of gloves (worn)
   (You found it on level 3 of the Dungeon)
Scrolls
 e - a scroll of identify {unknown}
 f - a scroll of enchant weapon {unknown}
 h - a scroll of noise {unknown}
 i - a scroll of teleportation {unknown}
 j - a scroll of magic mapping {unknown}
Potions
 g - a potion of heal wounds {unknown}

Dungeon Overview and Level Annotations

Branches:
Dungeon (3/15)

Altars:

Shops:
D:1 *

Annotations:
D:2 Jessica, Sigmund
D:3 1 runed translucent door, Crazy Yiuf

#.........## #.
####.......# #.
#.......# #.
#.......####.
#............
###########............
#..........#####.......
.##....##.# #.......
#.)@.##.# ###..###
#....##.# ##.#
#.)g.##.# #..#
#....##.. ##.#
#....#### .. ......+
#.# ###...)# .. ######
#.


You could see a gnoll.


Message History

You slash the frilled lizard!
You kill the frilled lizard! 😕 HP[+1]
There is a stone staircase leading down here.
There is a stone staircase leading down here.
You see here a +0 mace {mace}.
You open the door.
There is an open door here.
A giant cockroach comes into view. 😎 HP[+3]
The giant cockroach bites you.
You block the giant cockroach's attack. 😕 HP[-2]
You take 2 damage, and now have 31/33 hp.
You closely miss the giant cockroach. The giant cockroach closely misses you.
You slash the giant cockroach!
You kill the giant cockroach!
You see here a giant cockroach corpse.
An endoplasm comes into view.
The endoplasm quivers.
You see here 17 gold pieces. 😎 HP[+2]
The endoplasm hits you but does no damage.
You completely miss the endoplasm. Your headbutt misses the endoplasm.
The endoplasm misses you.
You slash the endoplasm!
You kill the endoplasm!
You now have 129 gold pieces (gained 17).
A gnoll and a bat come into view.
The gnoll shouts!
You hear a shout!
The bat hits you but does no damage. The bat hits you but does no damage.
The bat hits you but does no damage. The gnoll barely misses you.
You block the bat's attack.
The gnoll hits you from afar with a +0 spear. 😕 HP[-3]
You take 3 damage, and now have 30/33 hp.
The bat barely misses you. You furiously retaliate!
You headbutt the bat.
You kill the bat!
A gnoll comes into view. It is wielding a +0 spear.
The gnoll hits you from afar with a +0 spear. 😕 HP[-3]
You take 3 damage, and now have 27/33 hp.
The gnoll hits you but does no damage.
The gnoll shouts!
You slash the gnoll! Your headbutt misses the gnoll.
You block the gnoll's attack.
You barely miss the gnoll. The gnoll closely misses you.
The gnoll hits you from afar with a +0 spear. 😮 HP[-3]
You take 3 damage, and now have 24/33 hp.
You hit the gnoll.
A gnoll comes into view. It is wielding a +0 halberd.
The gnoll hits you with a +0 spear. The gnoll hits you but does no damage.
The gnoll hits you with a +0 spear.
* * * LOW HITPOINT WARNING * * *
😨 HP[-8]
You take 8 damage, and now have 16/33 hp.
MASSIVE DAMAGE!! (PAUSE)
You hit the gnoll.
You kill the gnoll!
The gnoll barely misses you. You block the gnoll's attack. 😮 HP[+1]
The gnoll throws a throwing net.
The throwing net hits you.
You become entangled in the net!
You see here a throwing net {=f!fthrowing}.
You struggle against the net.
The gnoll barely misses you.
Nothing quivered!
You struggle against the net.
The gnoll hits you from afar with a +0 halberd.
* * * LOW HITPOINT WARNING * * *
The gnoll hits you from afar with a +0 spear.
* * * LOW HITPOINT WARNING * * *
😨 HP[-2]
You take 2 damage, and now have 15/33 hp.
You struggle against the net.
The gnoll hits you from afar with a +0 halberd.
* * * LOW HITPOINT WARNING * * *
The gnoll hits you from afar with a +0 spear.
* * * LOW HITPOINT WARNING * * *
😱 HP[-9]
You take 9 damage, and now have 6/33 hp.
MASSIVE DAMAGE!! (PAUSE)
You rip the net and break free!
The gnoll closely misses you.
The gnoll hits you from afar with a +0 spear.
* * * LOW HITPOINT WARNING * * *
😱 HP[-3]
You take 3 damage, and now have 3/33 hp.
You feel very mighty all of a sudden. The gnoll barely misses you.
You block the gnoll's attack. You block the gnoll's attack.
The gnoll barely misses you.
You slash the gnoll! The gnoll barely misses you.
The gnoll hits you from afar with a +0 spear.
* * * LOW HITPOINT WARNING * * *
😱 HP[-2]
You take 2 damage, and now have 1/33 hp.
You hit the gnoll.
You kill the gnoll!
The gnoll hits you from afar with a +0 spear!
You die...

Skill      XL: |  1  2 |
---------------+-------+-----
Fighting       | 4 |  4.1
Armour         | 4 |  4.2
Shields        | 4 |  4.1
Long Blades    | 3 |  3.1

Action                   || total
-------------------------++-------
Melee: Long sword        ||    63
       Headbutt          ||     6
  Use: Potion            ||     1
Armor: Scale mail        ||    46
Dodge: Dodged            ||    35
Block: Buckler           ||    15

Levels and vault maps discovered:
D:1:      lightli_arrival_chessboard, layout_basic, serial_shops, shop,
          minmay_lizard_king
D:2:      layout_loops_cross, hellmonk_ecumenical_altar_run_dry, uniq_jessica,
          uniq_sigmund
D:3:      layout_basic, uniq_crazy_yiuf_cottage

Notes
Turn   | Place    | Note
-------+----------+-------------------------------------------
     0 | D:1      | Faeu the Minotaur Fighter began the quest for the Orb.
     0 | D:1      | Reached XP level 1. HP: 19/19 MP: 0/0
     0 | D:1      | magus.rc [v1.9.6]
     0 | D:1      | magus.rc [v1.9.6]
   148 | D:1      | Reached XP level 2. HP: 27/27 MP: 1/1
   332 | D:1      | Found Refeosip's General Store.
   419 | D:1      | You pick up a book of Decay and begin reading...
   419 | D:1      | You add the spells Corpse Rot, Dispel Undead and Death
                  | Channel to your library.
   460 | D:1      | Reached skill level 4 in Fighting
   460 | D:1      | Reached skill level 4 in Armour
   460 | D:1      | Reached skill level 4 in Shields
   594 | D:1      | Reached skill level 3 in Long Blades
   890 | D:2      | Noticed Jessica
   890 | D:2      | Noticed Sigmund
   924 | D:3      | Reached XP level 3. HP: 30/33 MP: 2/2
  1022 | D:3      | Found a runed translucent door.
  1023 | D:3      | Noticed Crazy Yiuf
  1228 | D:3      | HP: 6/33 [gnoll/+0 spear (5)]
  1232 | D:3      | HP: 1/33 [gnoll/+0 spear (2)]
  1233 | D:3      | Mangled by a gnoll

Vanquished Creatures
  2 gnolls (D:3)
  2 dart slugs
  A ball python (D:1)
  5 bats
  3 endoplasms
  2 giant cockroaches
  5 goblins
  2 hobgoblins
  A kobold (D:1)
  9 frilled lizards
  2 rats (D:1)
34 creatures vanquished.

Vanquished Creatures (others)
  9 plants (D:1)
9 creatures vanquished.

Grand Total: 43 creatures vanquished

Table legend:
 A = Non-vault XP
 B = Vault XP
 C = Vault XP percentage of total XP
 D = Non-vault monster count
 E = Vault monster count
 F = Vault count percentage of total count
                 A         B        C        D         E       F
            +---------+---------+-------+---------+---------+-------
      Total |      74 |       7 |   8.6 |      27 |       7 |  20.6
            +---------+---------+-------+---------+---------+-------
        D:1 |      29 |       7 |  19.4 |      17 |       7 |  29.2
        D:2 |       2 |       0 |   0.0 |       1 |       0 |   0.0
        D:3 |      43 |       0 |   0.0 |       9 |       0 |   0.0
            +---------+---------+-------+---------+---------+-------

Illustrated notes

Table legend:
 A = Kills in this place as a percentage of kills in entire the game.
 B = Kills by you in this place as a percentage of kills by you in the entire game.
 C = Kills by friends in this place as a percentage of kills by friends in the entire game.
 D = Other kills in this place as a percentage of other kills in the entire game.
 E = Experience gained in this place as a percentage of experience gained in the entire game.
 F = Experience gained in this place divided by the number of levels of this place that you have seen.
                   A       B       C       D       E      F
               +-------+-------+-------+-------+-------+----------------------
         Total | 100.0 | 100.0 |   N/A |   N/A | 100.0 |  27.0
       Dungeon | 100.0 | 100.0 |   N/A |   N/A | 100.0 |  27.0
               +-------+-------+-------+-------+-------+----------------------

Table legend: (Time is in decaauts)
 A = Elapsed time spent in this place.
 B = Non-inter-level travel time spent in this place.
 C = Inter-level travel time spent in this place.
 D = Time resting spent in this place.
 E = Time spent auto-exploring this place.
 F = Levels seen in this place.
 G = Mean time per level.
                   A        B        C        D        E       F      G
               +--------+--------+--------+--------+--------+-----+--------+
         Total |   1251 |   1246 |      5 |      0 |    953 |   3 |  417.0 |
       Dungeon |   1251 |   1246 |      5 |      0 |    953 |   3 |  417.0 |
               +--------+--------+--------+--------+--------+-----+--------+

Top non-repeatable levels by time:
     D:1: 845 daAuts
     D:3: 337 daAuts
     D:2: 69 daAuts
